 Dungeon Crawl Stone Soup version 0.31-a0-744-gbc345e7fcb (webtiles) character file.

Game seed: 285566352405052234

9 cforsyth the Sneak (level 2, -3/25 HPs)
             Began as a Djinni Delver on Sept 14, 2023.
             Slain by a white imp (6 damage)
             ... on level 5 of the Dungeon.
             The game lasted 00:00:23 (103 turns).

cforsyth the Sneak (Djinni Delver)                   Turns: 103, Time: 00:00:24

Health: -3/25      AC:  3    Str: 11    XL:     2   Next: 25%
Gold:   0          EV: 12    Int: 11    God:
                   SH:  0    Dex: 14

rFire   + + .        a - +0 falchion
rCold   x . .        (no shield)
rNeg    . . .        b - +0 leather armour
rPois   ∞            (no helmet)
rElec   .            (no cloak)
rCorr   .            (no gloves)
SInv    .            (boots unavailable)
Will    .....        (no amulet)
Stlth   ++           (no ring)
HPRegen 0.24/turn    (no ring)
MPRegen 0.00/turn

%: infuse magic (-4 HP)
@: flying
A: sickness immunity, fire resistance 2, cold vulnerability 1, float, innate
caster, HP casting, extra vitality 1
a: no special abilities


You were on level 5 of the Dungeon.
You visited 1 branch of the dungeon, and saw 1 of its levels.

Inventory:

Hand Weapons
 a - a +0 falchion (weapon)
Armour
 b - a +0 leather armour (worn)
Wands
 g - a wand of digging (3)
Scrolls
 c - a scroll of fog
 d - a scroll of revelation
 e - a scroll of fear
 h - a scroll of blinking {unknown}
Potions
 f - a potion of haste


   Skills:
 + Level 3.3 Fighting
 - Level 1.7 Long Blades
 - Level 2.1 Dodging
 - Level 4.1 Stealth
 + Level 0.7 Spellcasting
 + Level 0.7 Conjurations
 + Level 0.7 Hexes
   Level 0.0 Charms
 + Level 0.7 Summonings
 + Level 0.7 Necromancy
 + Level 0.7 Translocations
 + Level 0.7 Transmutations
 + Level 0.7 Fire Magic
 + Level 0.7 Ice Magic
 + Level 0.7 Air Magic
 + Level 0.7 Earth Magic
 + Level 0.7 Poison Magic You didn't know any spells. Your spell library was empty.

Dungeon Overview and Level Annotations

Branches:
Dungeon (5/15)
 Temple: D:4-7

Altars:


Innate Abilities, Weirdness & Mutations

You are immune to sickness and miasma.
You are immune to poison.
Your flesh is very heat resistant. (rF++)
You are vulnerable to cold. (rC-)
You float through the air rather than walking.
You learn spells naturally, not from books.
Your magical power is your life essence.
You have superior vitality. (+4 MHP)


Message History

You need no library to learn spells.
You need no library to learn spells.
You need no library to learn spells.
h - a scroll labelled HANLUE KIZEU An adder comes into view.
The adder hisses angrily.
The adder barely misses you.
You closely miss the adder. The adder bites you.
You hit the adder but do no damage. The adder bites you.
The adder closely misses you.
You barely miss the adder. The adder misses you.
You slash the adder!
The adder is severely wounded.
The adder closely misses you. The adder bites you.
You hit the adder.
The adder is almost dead.
The adder closely misses you. x2
You closely miss the adder.
The adder is almost dead.
The adder misses you.
You hit the adder.
You kill the adder!
You have reached level 2!
HP restored.
A hound comes into view.
A white imp comes into view.
The white imp closely misses you.
You hit the white imp.
The white imp is moderately wounded.
The white imp hits you. The white imp freezes you.
You feel a terrible chill!
You hit the white imp.
The white imp is severely wounded.
The white imp gestures at you. The puff of frost hits you!
You feel a terrible chill!
Ouch! That really hurt!
* * * LOW HITPOINT WARNING * * *
The white imp hits you.
* * * LOW HITPOINT WARNING * * *
The white imp freezes you.
You feel a terrible chill!
You die...

#..#..........
#..##.........
##.###........
#..# #......
#..# #...
#..## #..#
#.##..##..#
#......5.#
#...####@##
#### #..# ##.#
#.# #.. ##.#
.. #.# ..


You could see a white imp.

Vanquished Creatures
  An adder (D:5)
1 creature vanquished.

Notes
Turn   | Place    | Note
-------+----------+-------------------------------------------
     0 | D:5      | cforsyth the Djinni Delver began the quest for the Orb.
     0 | D:5      | Reached XP level 1. HP: 20/20 MP: 0/0
    35 | D:5      | Reached XP level 2. HP: 23/25 MP: 0/0
   103 | D:5      | Slain by a white imp

Illustrated notes

Levels and vault maps discovered:
D:5:      kennysheep_slugbush, layout_cave_pods,
          nicolae_kite_square_tiling_tiny, nicolae_shop_firing_range

Action                     || total
---------------------------++-------
  Melee: Falchion          ||     9
 Armour: Leather armour    ||     6
  Dodge: Dodged            ||     8

Table legend: (Time is in decaauts)
 A = Elapsed time spent in this place.
 B = Non-inter-level travel time spent in this place.
 C = Inter-level travel time spent in this place.
 D = Time resting spent in this place.
 E = Time spent auto-exploring this place.
 F = Levels seen in this place.
 G = Mean time per level.
                   A        B        C        D        E       F      G
               +--------+--------+--------+--------+--------+-----+--------+
         Total |    104 |    104 |      0 |      0 |     50 |   1 |  104.0 |
       Dungeon |    104 |    104 |      0 |      0 |     50 |   1 |  104.0 |
               +--------+--------+--------+--------+--------+-----+--------+

Top non-repeatable levels by time:
     D:5: 104 daAuts
